TOP OF THE 1ST |
Colorado Buffaloes batting - Pitching for Texas Tech Red Raiders : RHP Royce Muńóz
|
Pitching: RHP Royce Muńóz
|
|
Batting: RHB Jason Taylor
|
0-0: Swinging Strike 0-1: Called Strike 0-2: Ball 1-2: Ball 2-2: Foul Ball, location: 2F 2-2: Ball 3-2: Strikes out swinging
|
Batting: LHB Marcos Fontanez
|
0-0: Swinging Strike 0-1: Ball 1-1: Ball 2-1: Ball 3-1: Foul Ball, location: 2F 3-2: SINGLE (Line Drive, 9S)
|
Batting: LHB Ethan Shaw
|
0-0: Ball 1-0: Called Strike 1-1: Foul Ball, location: 2F 1-2: Ball 2-2: Grounds into double play, 4-6-3 (Groundball, 4)
|
Top of the 1st over - 0 run(s), 1 hit(s), 0 error(s), 0 left on base; Colorado 0 - Texas Tech 0 |
BOTTOM OF THE 1ST |
Texas Tech Red Raiders batting - Pitching for Colorado Buffaloes : RHP Jason Karnes
|
Pitching: RHP Jason Karnes
|
|
Batting: LHB Terry Neal
|
0-0: Foul Ball, location: 2F 0-1: Ball 1-1: Fly out, F9 (Flyball, 9LM)
|
Batting: RHB Lorenzo Hernández
|
0-0: Called Strike 0-1: Ball 1-1: Foul Ball, location: 2F 1-2: Strikes out swinging
|
Batting: RHB Cameron Irwin
|
0-0: Ball 1-0: Ground out 1-3 (Groundball, 15)
|
Bottom of the 1st over - 0 run(s), 0 hit(s), 0 error(s), 0 left on base; Colorado 0 - Texas Tech 0 |
TOP OF THE 2ND |
Colorado Buffaloes batting - Pitching for Texas Tech Red Raiders : RHP Royce Muńóz
|
Batting: LHB Claudio Jaramillo
|
0-0: Fly out, F5 (Popup, 5S)
|
Batting: SHB Edgardo Guzmán
|
0-0: Foul Ball, location: 2F 0-1: Called Strike 0-2: Ball 1-2: Ground out 4-3 (Groundball, 4)
|
Batting: SHB Caleb Hart
|
0-0: Called Strike 0-1: SINGLE (Flyball, 89S)
|
Batting: SHB Marcus Chuter
|
0-0: Called Strike 0-1: Foul Ball, location: 2F 0-2: Strikes out swinging
|
Top of the 2nd over - 0 run(s), 1 hit(s), 0 error(s), 1 left on base; Colorado 0 - Texas Tech 0 |
BOTTOM OF THE 2ND |
Texas Tech Red Raiders batting - Pitching for Colorado Buffaloes : RHP Jason Karnes
|
Batting: LHB Arthur Guzmán
|
0-0: Called Strike 0-1: Swinging Strike 0-2: Foul Ball, location: 2F 0-2: SOLO HOME RUN (Flyball, 8RXD), Distance : 384 ft
|
Batting: RHB Gilberto Bautista
|
0-0: Ball 1-0: Ball 2-0: Fly out, F9 (Flyball, 9S)
|
Batting: RHB Josh Bergman
|
0-0: SINGLE (Line Drive, 89S)
|
Batting: RHB Sam Lynch
|
0-0: Ball 1-0: SINGLE (Line Drive, 4D) Josh Bergman to second
|
Batting: SHB Andrés Cruz
|
0-0: Ball 1-0: Ball 2-0: Ball 3-0: Base on Balls Josh Bergman to third Sam Lynch to second
|
Batting: RHB Nick McIntyre
|
0-0: Foul Ball, location: 2F 0-1: Foul Ball, location: 2F 0-2: Ball 1-2: Foul Ball, location: 2F 1-2: Foul Ball, location: 2F 1-2: Foul Ball, location: 2F 1-2: Ball 2-2: Foul Ball, location: 2F 2-2: Ball 3-2: Foul Ball, location: 2F 3-2: Base on Balls Josh Bergman scores Sam Lynch to third Andrés Cruz to second
|
Batting: LHB Terry Neal
|
0-0: Called Strike 0-1: Called Strike 0-2: Strikes out looking
|
Batting: RHB Lorenzo Hernández
|
0-0: Ball 1-0: Foul Ball, location: 2F 1-1: Foul Ball, location: 2F 1-2: Foul Ball, location: 2F 1-2: DOUBLE (Line Drive, 78M) Sam Lynch scores Andrés Cruz scores Nick McIntyre to third
|
Batting: RHB Cameron Irwin
|
0-0: Foul Ball, location: 2F 0-1: Ball 1-1: Ball Wild Pitch! Nick McIntyre scores Lorenzo Hernández to third 2-1: Ball 3-1: Swinging Strike 3-2: Base on Balls
|
Batting: LHB Arthur Guzmán
|
0-0: Ball 1-0: Ball 2-0: Swinging Strike 2-1: Ball 3-1: Base on Balls Cameron Irwin to second
|
Pitching: LHP Andrew Mock
|
|
Batting: RHB Gilberto Bautista
|
0-0: Called Strike 0-1: Fly out, F4 (Line Drive, 4)
|
Bottom of the 2nd over - 5 run(s), 4 hit(s), 0 error(s), 3 left on base; Colorado 0 - Texas Tech 5 |
TOP OF THE 3RD |
Colorado Buffaloes batting - Pitching for Texas Tech Red Raiders : RHP Royce Muńóz
|
Batting: LHB Jack Jefferson
|
0-0: Ball 1-0: Ball 2-0: Ball 3-0: Base on Balls
|
Batting: LHB Mark Spencer
|
0-0: Swinging Strike 0-1: Ball 1-1: Fly out, F7 (Flyball, 7LMF)
|
Batting: RHB Jason Taylor
|
0-0: Foul Ball, location: 2F 0-1: Grounds into double play, 5-4-3 (Groundball, 56)
|
Top of the 3rd over - 0 run(s), 0 hit(s), 0 error(s), 0 left on base; Colorado 0 - Texas Tech 5 |
BOTTOM OF THE 3RD |
Texas Tech Red Raiders batting - Pitching for Colorado Buffaloes : LHP Andrew Mock
|
Batting: RHB Josh Bergman
|
0-0: Called Strike 0-1: Ball 1-1: Called Strike 1-2: Ball 2-2: SINGLE (Line Drive, 78S)
|
Batting: RHB Sam Lynch
|
0-0: Ball 1-0: Ball 2-0: Ground out 5-3 (Groundball, 56S) Josh Bergman to second
|
Batting: SHB Andrés Cruz
|
0-0: Ball 1-0: Swinging Strike 1-1: SINGLE (Flyball, 8LS) Josh Bergman to third Runner from 3rd tries for Home, SAFE, no throw
|
Batting: RHB Nick McIntyre
|
0-0: Called Strike 0-1: Called Strike 0-2: Strikes out looking
|
Batting: LHB Terry Neal
|
0-0: Ball 1-0: DOUBLE (Line Drive, 89M) Andrés Cruz to third
|
Batting: RHB Lorenzo Hernández
|
0-0: Fly out, F1 (Popup, 15)
|
Bottom of the 3rd over - 1 run(s), 3 hit(s), 0 error(s), 2 left on base; Colorado 0 - Texas Tech 6 |
TOP OF THE 4TH |
Colorado Buffaloes batting - Pitching for Texas Tech Red Raiders : RHP Royce Muńóz
|
Batting: LHB Marcos Fontanez
|
0-0: Foul Ball, location: 2F 0-1: Ball 1-1: Foul Ball, location: 2F 1-2: Fly out, F8 (Flyball, 8LM)
|
Batting: LHB Ethan Shaw
|
0-0: Ball 1-0: Ball 2-0: TRIPLE (Flyball, 8RXD)
|
Batting: LHB Claudio Jaramillo
|
0-0: Called Strike 0-1: Ball 1-1: Ball 2-1: Ball 3-1: Base on Balls
|
Batting: SHB Edgardo Guzmán
|
0-0: Ball 1-0: Fielders Choice at 2nd, 1-4 (Groundball, 15S)
|
Batting: SHB Caleb Hart
|
0-0: Fly out, F5 (Line Drive, 56)
|
Top of the 4th over - 0 run(s), 1 hit(s), 0 error(s), 2 left on base; Colorado 0 - Texas Tech 6 |
BOTTOM OF THE 4TH |
Texas Tech Red Raiders batting - Pitching for Colorado Buffaloes : LHP Andrew Mock
|
Batting: RHB Cameron Irwin
|
0-0: Called Strike 0-1: Swinging Strike 0-2: Ball 1-2: Strikes out swinging
|
Batting: LHB Arthur Guzmán
|
0-0: Swinging Strike 0-1: Foul Ball, location: 2F 0-2: Ball 1-2: Ball 2-2: Foul Ball, location: 2F 2-2: Foul Ball, location: 2F 2-2: SINGLE (Line Drive, 89S)
|
Batting: RHB Gilberto Bautista
|
0-0: SINGLE (Groundball, 34D) Arthur Guzmán to second Runner from 2nd tries for 3rd, SAFE, throw made to third
|
Batting: RHB Josh Bergman
|
0-0: Ball 1-0: Called Strike 1-1: Swinging Strike 1-2: Ball 2-2: Foul Ball, location: 2F 2-2: Ball 3-2: Base on Balls Gilberto Bautista to second
|
Batting: RHB Sam Lynch
|
0-0: Ball 1-0: Called Strike 1-1: Ball 2-1: Ball 3-1: Foul Ball, location: 2F 3-2: Base on Balls Arthur Guzmán scores Gilberto Bautista to third Josh Bergman to second
|
Pitching: LHP David Rodríguez
|
|
Batting: SHB Andrés Cruz
|
0-0: Ball 1-0: SINGLE (Groundball, 4MD) Gilberto Bautista scores Josh Bergman to third Sam Lynch to second Runner from 3rd tries for Home, SAFE, no throw
|
Batting: RHB Nick McIntyre
|
0-0: Foul Ball, location: 2F 0-1: Ball 1-1: Ball 2-1: Ball 3-1: Fielders Choice at 2nd, 4-6 (Groundball, 34) Sam Lynch to third
|
Batting: LHB Terry Neal
|
0-0: Ball 1-0: Ball 2-0: Called Strike 2-1: Foul Ball, location: 2F 2-2: Strikes out looking
|
Bottom of the 4th over - 3 run(s), 3 hit(s), 0 error(s), 2 left on base; Colorado 0 - Texas Tech 9 |
TOP OF THE 5TH |
Colorado Buffaloes batting - Pitching for Texas Tech Red Raiders : RHP Royce Muńóz
|
Batting: SHB Marcus Chuter
|
0-0: Ball 1-0: Called Strike 1-1: Called Strike 1-2: Strikes out swinging
|
Batting: LHB Jack Jefferson
|
0-0: Ball 1-0: Ball 2-0: Ball 3-0: Base on Balls
|
Batting: LHB Mark Spencer
|
0-0: Ball 1-0: Called Strike 1-1: Foul Ball, location: 2F 1-2: Foul Ball, location: 2F 1-2: Ball 2-2: Foul Ball, location: 2F 2-2: Ball 3-2: Foul Ball, location: 2F 3-2: Foul Ball, location: 2F 3-2: Base on Balls Jack Jefferson to second
|
Batting: RHB Jason Taylor
|
0-0: Called Strike 0-1: Fly out, F9 (Flyball, 9)
|
Batting: LHB Marcos Fontanez
|
0-0: Ball 1-0: Foul Ball, location: 2F 1-1: Ball 2-1: Ball 3-1: Fly out, F4 (Popup, 4M)
|
Top of the 5th over - 0 run(s), 0 hit(s), 0 error(s), 2 left on base; Colorado 0 - Texas Tech 9 |
BOTTOM OF THE 5TH |
Texas Tech Red Raiders batting - Pitching for Colorado Buffaloes : LHP David Rodríguez
|
Batting: RHB Lorenzo Hernández
|
0-0: Called Strike 0-1: Called Strike 0-2: Strikes out swinging
|
Batting: RHB Cameron Irwin
|
0-0: SOLO HOME RUN (Line Drive, 7D), Distance : 360 ft
|
Batting: LHB Arthur Guzmán
|
0-0: Foul Ball, location: 2F 0-1: Foul Ball, location: 2F 0-2: Reached on error, E6 (Groundball, 6)
|
Batting: RHB Gilberto Bautista
|
0-0: Called Strike 0-1: Foul Ball, location: 2F 0-2: Ball 1-2: Ball 2-2: Foul Ball, location: 2F 2-2: Ball 3-2: Ground out U3 (Groundball, 3S) Arthur Guzmán to third
|
Batting: RHB Josh Bergman
|
0-0: Foul Ball, location: 2F 0-1: Foul Ball, location: 2F 0-2: Ball 1-2: Ball 2-2: Ball 3-2: Strikes out looking
|
Bottom of the 5th over - 1 run(s), 1 hit(s), 1 error(s), 1 left on base; Colorado 0 - Texas Tech 10 |
TOP OF THE 6TH |
Colorado Buffaloes batting - Pitching for Texas Tech Red Raiders : RHP Royce Muńóz
|
Batting: LHB Ethan Shaw
|
0-0: Ball 1-0: Ball 2-0: Called Strike 2-1: Ball 3-1: DOUBLE (Line Drive, 89XD)
|
Pitching: RHP Brent McPherson
|
|
Batting: LHB Claudio Jaramillo
|
0-0: Foul Ball, location: 2F 0-1: DOUBLE (Line Drive, 5D) Ethan Shaw scores
|
Batting: SHB Edgardo Guzmán
|
0-0: Ball 1-0: Called Strike 1-1: Ball 2-1: Foul Ball, location: 2F 2-2: Strikes out looking
|
Batting: SHB Caleb Hart
|
0-0: Ball 1-0: Swinging Strike 1-1: Ball 2-1: Called Strike 2-2: 2-RUN HOME RUN (Flyball, 8LXD), Distance : 409 ft
|
Batting: SHB Marcus Chuter
|
0-0: Called Strike 0-1: Foul Ball, location: 2F 0-2: Foul Ball, location: 2F 0-2: Strikes out looking
|
Batting: LHB Jack Jefferson
|
0-0: Ball 1-0: Ground out 4-3 (Groundball, 34D)
|
Top of the 6th over - 3 run(s), 3 hit(s), 0 error(s), 0 left on base; Colorado 3 - Texas Tech 10 |
BOTTOM OF THE 6TH |
Texas Tech Red Raiders batting - Pitching for Colorado Buffaloes : LHP David Rodríguez
|
Batting: RHB Sam Lynch
|
0-0: Ball 1-0: Called Strike 1-1: Swinging Strike 1-2: Ball 2-2: Ball 3-2: SINGLE (Line Drive, 8LS)
|
Batting: SHB Andrés Cruz
|
0-0: Called Strike 0-1: Ball 1-1: Called Strike 1-2: Ground out 6-3 (Groundball, 6M) Sam Lynch to second
|
Batting: RHB Nick McIntyre
|
0-0: Called Strike 0-1: Ball 1-1: Fly out, F9 (Flyball, 89S)
|
Batting: LHB Terry Neal
|
0-0: Called Strike 0-1: Ball 1-1: SINGLE (Groundball, 34D) Sam Lynch to third Runner from 3rd tries for Home, SAFE, no throw
|
Batting: RHB Lorenzo Hernández
|
0-0: Called Strike 0-1: Ball 1-1: SINGLE (Line Drive, 78S) Terry Neal to second
|
Batting: RHB Cameron Irwin
|
0-0: Called Strike 0-1: Swinging Strike 0-2: Ball 1-2: Foul Ball, location: 2F 1-2: Foul Ball, location: 2F 1-2: Strikes out swinging
|
Bottom of the 6th over - 1 run(s), 3 hit(s), 0 error(s), 2 left on base; Colorado 3 - Texas Tech 11 |
TOP OF THE 7TH |
Colorado Buffaloes batting - Pitching for Texas Tech Red Raiders : RHP Brent McPherson
|
Batting: LHB Mark Spencer
|
0-0: Ball 1-0: Foul Ball, location: 2F 1-1: Swinging Strike 1-2: Fly out, F8 (Flyball, 78M)
|
Batting: RHB Jason Taylor
|
0-0: Ball 1-0: Ball 2-0: Called Strike 2-1: Fly out, F6 (Line Drive, 6)
|
Batting: LHB Marcos Fontanez
|
0-0: Ball 1-0: Ball 2-0: Called Strike 2-1: Called Strike 2-2: Foul Ball, location: 2F 2-2: Foul Ball, location: 2F 2-2: SINGLE (Line Drive, 78S)
|
Batting: LHB Ethan Shaw
|
0-0: Swinging Strike 0-1: Swinging Strike 0-2: Ball 1-2: Foul Ball, location: 2F 1-2: Ball 2-2: Ground out U3 (Groundball, 3L)
|
Top of the 7th over - 0 run(s), 1 hit(s), 0 error(s), 1 left on base; Colorado 3 - Texas Tech 11 |
BOTTOM OF THE 7TH |
Texas Tech Red Raiders batting - Pitching for Colorado Buffaloes : LHP David Rodríguez
|
Pitching: LHP Marc Fontenot
|
|
Batting: LHB Arthur Guzmán
|
0-0: Called Strike 0-1: Ball 1-1: Swinging Strike 1-2: SINGLE (Line Drive, 5L)
|
Batting: RHB Gilberto Bautista
|
0-0: Foul Ball, location: 2F 0-1: Swinging Strike 0-2: Ball 1-2: DOUBLE (Flyball, 78D) Arthur Guzmán to third
|
Batting: RHB Josh Bergman
|
0-0: Ball 1-0: Ball 2-0: Ball 3-0: Base on Balls
|
Batting: RHB Sam Lynch
|
0-0: Called Strike 0-1: Ball 1-1: Ball 2-1: Ball 3-1: Foul Ball, location: 2F 3-2: Fly out, F4 (Popup, 34D)
|
Batting: SHB Andrés Cruz
|
0-0: Called Strike 0-1: Ball 1-1: Foul Ball, location: 2F 1-2: Strikes out swinging
|
Batting: RHB Nick McIntyre
|
0-0: Ball 1-0: Called Strike 1-1: Fly out, F9 (Flyball, 9)
|
Bottom of the 7th over - 0 run(s), 2 hit(s), 0 error(s), 3 left on base; Colorado 3 - Texas Tech 11 |
TOP OF THE 8TH |
Colorado Buffaloes batting - Pitching for Texas Tech Red Raiders : RHP Brent McPherson
|
Pitching: RHP Jeff Smith
|
|
Now at 1B: Ángel Herrera
|
|
Batting: LHB Claudio Jaramillo
|
0-0: Ball 1-0: Swinging Strike 1-1: Ball 2-1: Ball 3-1: Foul Ball, location: 2F 3-2: SINGLE (Groundball, 34D)
|
Batting: SHB Edgardo Guzmán
|
0-0: Called Strike 0-1: Ball 1-1: Swinging Strike 1-2: Ball 2-2: Ball 3-2: Strikes out looking
|
Batting: SHB Caleb Hart
|
0-0: Ball 1-0: Ball 2-0: Foul Ball, location: 2F 2-1: Fly out, F7 (Flyball, 7LMF)
|
Batting: SHB Marcus Chuter
|
0-0: Ball 1-0: Ball 2-0: Called Strike 2-1: Ball 3-1: Swinging Strike 3-2: Foul Ball, location: 2F 3-2: Foul Ball, location: 2F 3-2: Strikes out looking
|
Top of the 8th over - 0 run(s), 1 hit(s), 0 error(s), 1 left on base; Colorado 3 - Texas Tech 11 |
BOTTOM OF THE 8TH |
Texas Tech Red Raiders batting - Pitching for Colorado Buffaloes : LHP Marc Fontenot
|
Batting: LHB Terry Neal
|
0-0: Called Strike 0-1: Ball 1-1: Foul Ball, location: 2F 1-2: Ball 2-2: Ball 3-2: Strikes out swinging
|
Batting: RHB Lorenzo Hernández
|
0-0: Called Strike 0-1: Swinging Strike 0-2: Ball 1-2: Ball 2-2: Strikes out swinging
|
Batting: RHB Cameron Irwin
|
0-0: Fly out, F9 (Flyball, 9S)
|
Bottom of the 8th over - 0 run(s), 0 hit(s), 0 error(s), 0 left on base; Colorado 3 - Texas Tech 11 |
TOP OF THE 9TH |
Colorado Buffaloes batting - Pitching for Texas Tech Red Raiders : RHP Jeff Smith
|
Batting: LHB Jack Jefferson
|
0-0: Called Strike 0-1: Ball 1-1: Ball 2-1: Ball 3-1: Foul Ball, location: 2F 3-2: Foul Ball, location: 2F 3-2: Foul Ball, location: 2F 3-2: Base on Balls
|
Batting: LHB Mark Spencer
|
0-0: Ball 1-0: Ball 2-0: Called Strike 2-1: Swinging Strike 2-2: Strikes out looking
|
Batting: RHB Jason Taylor
|
0-0: Swinging Strike 0-1: Ball 1-1: Foul Ball, location: 2F 1-2: Foul Ball, location: 2F 1-2: DOUBLE (Flyball, 89D) Jack Jefferson to third
|
Batting: LHB Marcos Fontanez
|
0-0: Foul Ball, location: 2F 0-1: Swinging Strike 0-2: Ball 1-2: Strikes out swinging
|
Batting: LHB Ethan Shaw
|
0-0: SINGLE (Line Drive, 4MD) Jack Jefferson scores Jason Taylor to third Runner from 3rd tries for Home, SAFE, no throw
|
Batting: LHB Claudio Jaramillo
|
0-0: Ball 1-0: Ball 2-0: Foul Ball, location: 2F 2-1: Called Strike 2-2: Strikes out swinging
|
Top of the 9th over - 2 run(s), 2 hit(s), 0 error(s), 1 left on base; Colorado 5 - Texas Tech 11 |
|